 Dungeon Crawl Stone Soup version 0.30-b1-2-g02819fbbbe (webtiles) character file.

Game seed: 12360157515749195443

36572 raph the Destroyer (level 13, -6/74 HPs)
             Began as a Deep Elf Conjurer on Aug 26, 2023.
             Was a High Priest of Vehumet.
             Mangled by a death yak (23 damage)
             ... on level 4 of the Lair of Beasts.
             The game lasted 00:37:39 (20515 turns).

raph the Destroyer (Deep Elf Conjurer)             Turns: 20515, Time: 00:37:39

Health: -6/74      AC: 13    Str:  4    XL:     13   Next: 53%
Magic:  4/29       EV: 17    Int: 29    God:    Vehumet [*****.]
Gold:   516        SH:  5    Dex: 13    Spells: 3/33 levels left

rFire   + . .        a - +9 dagger (venom)
rCold   . . .        I - +0 buckler
rNeg    . . .        K - +0 acid dragon scales
rPois   .            y - +1 hat
rElec   .            i - +0 cloak {rCorr}
rCorr   +            s - +1 pair of gloves
SInv    .            L - +1 pair of boots {Fly}
Will    +....        J - amulet of regeneration
Stlth   ++++         j - ring of protection from fire
HPRegen 1.12/turn    N - +5 ring of evasion
MPRegen 0.21/turn

%: no passive effects
@: flying
A: no striking features
a: Renounce Religion


You were on level 4 of the Lair of Beasts.
You worshipped Vehumet.
Vehumet was extremely pleased with you.
You visited 3 branches of the dungeon, and saw 14 of its levels.
You also visited: Ossuary.

You collected 796 gold pieces.
You spent 280 gold pieces at shops.

Inventory:

Hand Weapons
 a - a +9 dagger of venom (weapon)
 A - a +1 dagger of protection
Missiles
 g - 23 poisoned darts
 k - 6 curare-tipped darts
 G - 7 throwing nets
Armour
 i - a +0 cloak of preservation (worn)
 p - a +1 pair of boots
 s - a +1 pair of gloves (worn)
 v - the +0 robe of Cuthunodghe {Dex+6}
   (You found it on level 5 of the Dungeon)

   Dex:       It affects your dexterity (+6).
 y - a +1 hat (worn)
 I - a +0 buckler (worn)
 K - +0 acid dragon scales (worn)
 L - a +1 pair of boots of flying (worn)
Jewellery
 j - a ring of protection from fire (left hand)
 B - a ring of ice
 E - a ring of resist corrosion
 J - an amulet of regeneration (around neck)
 N - a +5 ring of evasion (right hand)
 P - a ring of ice
Wands
 x - a wand of polymorph (12)
 D - a wand of flame (26)
 F - a wand of mindburst (5)
 M - a wand of charming (9)
Scrolls
 e - 4 scrolls of teleportation
 m - 2 scrolls of fear
 w - 4 scrolls of amnesia
 z - 3 scrolls of silence
 H - a scroll of blinking
 Q - a scroll of magic mapping
Potions
 b - 6 potions of magic
 c - a potion of attraction
 d - 2 potions of invisibility
 f - 4 potions of haste
 h - 8 potions of curing
 l - 3 potions of brilliance
 n - 5 potions of mutation
 o - a potion of cancellation {unknown}
 q - a potion of resistance
 r - 2 potions of flight
 t - 6 potions of might
 u - 2 potions of lignification
 C - 2 potions of heal wounds


   Skills:
 + Level 5.8 Fighting
 + Level 3.3 Short Blades
 + Level 3.8 Armour
 + Level 8.8 Dodging
 + Level 8.6 Stealth
 - Level 4.4 Shields
 + Level 10.9 Spellcasting
 * Level 12.8 Conjurations
 - Level 8.3 Hexes
 - Level 8.6 Translocations
 + Level 6.5 Fire Magic
 - Level 1.4 Ice Magic
 + Level 3.2 Air Magic
 + Level 4.5 Evocations


You had 3 spell levels left.
You knew the following spells:

 Your Spells              Type           Power      Damage    Failure   Level
a - Magic Dart            Conj           100%       1d8       1%          1
b - Searing Ray           Conj           100%       2d8       1%          2
c - Dazzling Flash        Conj/Hex       100%       N/A       1%          3
d - Fulminant Prism       Conj/Hex       33%        3d16      1%          4
e - Iskenderun's Mystic   Conj/Tloc      67%        2d14      1%          4
f - Mephitic Cloud        Conj/Pois/Air  47%        N/A       1%          3
g - Ignite Poison         Fire/Tmut/Pois 28%        N/A       4%          3
h - Fireball              Conj/Fire      32%        3d14      2%          5
i - Freezing Cloud        Conj/Ice/Air   24%        6-21      10%         5

Your spell library contained the following spells:

 Spells                   Type           Power      Damage    Failure   Level
 Ozocubu's Refrigeration  Ice            12%        4d10      100%        7
 Lesser Beckoning         Tloc           100%       N/A       1%          2
 Momentum Strike          Conj/Tloc      100%       3d10      1%          2
 Gell's Gravitas          Tloc           60%        N/A       1%          3
 Hailstorm                Conj/Ice       55%        3d12      1%          3
 Teleport Other           Tloc           60%        N/A       1%          3
 Freeze                   Ice            96%        1d10      2%          1
 Frozen Ramparts          Ice            48%        1d8       7%          3
 Call Imp                 Summ           30%        N/A       22%         2
 Sublimation of Blood     Necr           15%        N/A       22%         2
 Irradiate                Conj/Tmut      26%        3d20      8%          5
 Metabolic Englaciation   Hex/Ice        22%        N/A       47%         5
 Petrify                  Tmut/Erth      15%        N/A       82%         4


Dungeon Overview and Level Annotations

Branches:
Dungeon (9/15)             Temple (1/1) D:4            Lair (4/5) D:9
  Swamp (0/4) Lair:2       Spider (0/4) Lair:2        Slime (0/5) Lair:4
    Orc (0/2) D:9         Ossuary (visited)

Altars:
Ashenzari
Cheibriados
Dithmenos
Elyvilon
Fedhas
Gozag
Hepliaklqana
Kikubaaqudgha
Makhleb
Nemelex Xobeh
Okawaru
Qazlal
Sif Muna
Trog
Vehumet
Wu Jian
Xom
Yredelemnul
Zin
The Shining One

Shops:
D:2 [(*?   D:9 [

Annotations:
D:9 dig, 2 runed translucent doors, PaleRider's ghost, novice OpTm


Message History

The death yak is engulfed in noxious fumes. x2
The death yak closely misses you.
The death yak is engulfed in blazing flames.
The death yak is engulfed in noxious fumes.
The death yak appears confused.
You hit the death yak.
The death yak looks as sick as possible!
The death yak is heavily wounded.
The death yak is engulfed in noxious fumes.
The death yak gores you!!
The death yak gores the death yak!
The death yak barely misses itself.
The death yak is engulfed in noxious fumes.
The death yak gores the death yak!
You completely miss the death yak.
The death yak is lightly wounded.
The death yak is engulfed in noxious fumes. x2
The death yak gores you.
The death yak is engulfed in noxious fumes.
The death yak appears confused.
You hit the death yak but do no damage.
The death yak is poisoned.
The death yak is lightly wounded.
The death yak seems less confused.
The death yak is engulfed in noxious fumes.
The death yak gores you!
The death yak is engulfed in noxious fumes.
The death yak gores the death yak!
The death yak attacks as you move away! The death yak gores you.
The death yak is engulfed in noxious fumes. x2
The death yak appears confused.
The death yak attacks as you move away! The death yak misses you.
The death yak attacks as you move away! The death yak gores you!!
* * * LOW HITPOINT WARNING * * *
Blink to where?
Press: ? - help, Dir - move target
Okay, then.
As you read the scroll of fear, it crumbles to dust.
You assume a fearsome visage.
The death yak resists with some effort.
The death yak resists with almost no effort.
The death yak looks frightened! x3; The death yak gores you!!
You die...

..#...........# ##...####
..............# #.....#.#
..............#####♣.>.♣.##
..............#..##.....##
..................#..♣..##### #.#
...................##.♣#..#.#.#..
..............†...#..#......#....
...............Y.###.............
Y..Y.......Y..YY@.......#........
...YY............................
..Y...........##.................
...Y.......Y.....................
.................................
##..........PP..................P
.........>.P..P..................
............PP...................
.................................


You could see 5 death yaks.

Vanquished Creatures
  Harold (D:9)
  Erolcha (D:9)
  5 hydras
  Fannar (Lair:2)
  A two-headed ogre (D:8)
  8 death yaks (Lair:4)
  A skyshark (Lair:4)
  Joseph (D:8)
  17 elephants
  A black mamba (Lair:2)
  A torpor snail (Lair:4)
  Maggie (D:9)
  7 cane toads
  A rime drake (Lair:3)
  6 komodo dragons
  A troll (D:9)
  A hornet (D:7)
  13 blink frogs
  4 wyverns (D:9)
  Eustachio (D:6)
  6 basilisks
  37 yaks
  2 steam dragons
  9 water moccasins
  3 black bears
  2 orc warriors (D:9)
  An ice beast (D:7)
  A sky beast (D:7)
  8 ogres
  4 kobold brigands
  5 scorpions
  13 bullfrogs
  3 gnoll sergeants (D:9)
  8 wights
  5 killer bees (D:8)
  An electric eel (Lair:2)
  A howler monkey (D:5)
  3 hounds
  A gnoll bouda (D:8)
  4 jellies
  2 orc priests
  Crazy Yiuf (D:4)
  A sleepcap (D:5)
  5 iguanas
  3 orc wizards
  3 mummies (Ossuary)
  7 adders
  7 gnolls
  10 river rats (D:7)
  2 shadow imps
  2 white imps
  2 ufetubi
  3 adder zombies (Ossuary)
  5 worms
  6 dart slugs
  21 orcs
  7 endoplasms
  4 giant cockroaches
  7 goblins
  4 hobgoblins
  3 jackals (D:1)
  7 quokkas
  8 ball pythons
  7 bats
  3 frilled lizards
  A goblin zombie (Ossuary)
  3 hobgoblin zombies (Ossuary)
  11 kobolds
  2 kobold zombies (Ossuary)
  8 quokka zombies (Ossuary)
  19 rats
  A rat zombie (Ossuary)
365 creatures vanquished.

Vanquished Creatures (others)
  A bush (Lair:4)
  77 fulminant prisms
  18 fungi
  17 plants
113 creatures vanquished.

Grand Total: 478 creatures vanquished

Notes
Turn   | Place    | Note
-------+----------+-------------------------------------------
     0 | D:1      | raph the Deep Elf Conjurer began the quest for the Orb.
     0 | D:1      | Reached XP level 1. HP: 10/10 MP: 6/6
   395 | D:1      | Reached XP level 2. HP: 15/15 MP: 5/8
   502 | D:1      | Learned a level 2 spell: Searing Ray
   508 | D:1      | Reached skill level 5 in Conjurations
  1464 | D:2      | Reached XP level 3. HP: 19/19 MP: 7/10
  1468 | D:2      | Learned a level 3 spell: Dazzling Flash
  1743 | D:2      | Found Lerr's Magic Scroll Emporium.
  1748 | D:2      | Found Oxonaery's Assorted Antiques.
  2203 | D:2      | Bought a scroll of blinking for 75 gold pieces
  2473 | D:2      | Found Buc Hasm's Armour Emporium.
  2542 | D:2      | Found Okeable's Antique Weapon Shop.
  2612 | D:2      | Reached XP level 4. HP: 24/24 MP: 7/12
  3282 | D:3      | Learned a level 4 spell: Fulminant Prism
  4377 | D:2      | Bought a scroll of teleportation for 84 gold pieces
  4765 | D:4      | Found a staircase to the Ecumenical Temple.
  4772 | Temple   | Entered the Ecumenical Temple
  5013 | Temple   | Became a worshipper of Vehumet
  5059 | D:4      | Reached skill level 1 in Hexes
  5068 | D:4      | Reached skill level 6 in Conjurations
  5100 | D:4      | Found a sand-covered staircase.
  5106 | Ossuary  | Entered an ossuary
  5114 | Ossuary  | Reached XP level 5. HP: 28/28 MP: 3/13
  5540 | Ossuary  | Reached * piety under Vehumet
  5540 | Ossuary  | Offered knowledge of Kiss of Death by Vehumet.
  6061 | D:4      | Reached skill level 5 in Spellcasting
  6173 | D:4      | Reached XP level 6. HP: 19/32 MP: 8/15
  6178 | D:4      | Learned a level 4 spell: Iskenderun's Mystic Blast
  6583 | D:4      | Found a runed translucent door.
  6584 | D:4      | Noticed Crazy Yiuf
  6595 | D:4      | Killed Crazy Yiuf
  6727 | D:5      | Entered Level 5 of the Dungeon
  6766 | D:5      | Reached skill level 1 in Translocations
  6861 | D:5      | You fall into a shaft and drop 3 floors!
  6885 | D:7      | Noticed a water moccasin
  6906 | D:7      | Killed a water moccasin
  6907 | D:7      | Reached skill level 7 in Conjurations
  7019 | D:5      | Reached XP level 7. HP: 29/36 MP: 12/17
  7385 | D:5      | Found an ornate altar of the Wu Jian Council.
  7428 | D:5      | Found an ancient bone altar of Kikubaaqudgha.
  7861 | D:5      | Reached skill level 8 in Conjurations
  7980 | D:5      | Reached XP level 8. HP: 42/42 MP: 16/19
  8362 | D:5      | Identified the +0 robe of Cuthunodghe {Dex+6}
  8508 | D:5      | Reached skill level 1 in Fighting
  8958 | D:6      | Noticed Eustachio
  8967 | D:6      | Killed Eustachio
  9004 | D:6      | Reached skill level 5 in Hexes
  9008 | D:6      | Learned a level 3 spell: Mephitic Cloud
  9015 | D:6      | Reached ** piety under Vehumet
  9015 | D:6      | Offered knowledge of Foxfire by Vehumet.
  9021 | D:6      | Reached skill level 5 in Translocations
  9459 | D:6      | Identified the +7 plate armour of Jocular Leaves {Str+4
                  | Dex+2}
 10006 | D:2      | Bought a +1 hat for 121 gold pieces
 10208 | D:7      | Reached skill level 9 in Conjurations
 10342 | D:7      | Noticed a hornet
 10348 | D:7      | Killed a hornet
 10349 | D:7      | Reached XP level 9. HP: 48/48 MP: 11/21
 10566 | D:7      | Offered knowledge of Scorch by Vehumet.
 10711 | D:7      | Reached *** piety under Vehumet
 11032 | D:8      | Noticed a two-headed ogre
 11429 | D:8      | Offered knowledge of Ignite Poison by Vehumet.
 11440 | D:8      | Learned a level 3 spell: Ignite Poison
 11630 | D:8      | Killed a two-headed ogre
 11631 | D:8      | Reached skill level 5 in Dodging
 11955 | D:8      | Noticed Joseph
 11969 | D:8      | Killed Joseph
 11970 | D:8      | Reached skill level 10 in Conjurations
 12461 | D:9      | Noticed Harold
 12477 | D:9      | Killed Harold
 12478 | D:9      | Reached XP level 10. HP: 51/56 MP: 4/24
 12545 | D:9      | Noticed Erolcha
 12554 | D:9      | Killed Erolcha
 12795 | D:9      | Noticed a cyclops
 13035 | D:9      | Found a large runed translucent door.
 13036 | D:9      | Found a large runed translucent door.
 13067 | D:9      | Noticed PaleRider's ghost (novice OpTm)
 13236 | D:9      | Found a staircase to the Orcish Mines.
 13242 | D:9      | Reached skill level 5 in Stealth
 13246 | D:9      | Reached skill level 1 in Shields
 13261 | D:9      | Reached **** piety under Vehumet
 13441 | D:9      | Found Ybuheegh's Antique Armour Boutique.
 13757 | D:9      | Reached skill level 11 in Conjurations
 13757 | D:9      | Reached XP level 11. HP: 60/60 MP: 20/25
 13960 | D:9      | Offered knowledge of Fireball by Vehumet.
 14040 | D:9      | Found a staircase to the Lair.
 14047 | D:9      | Learned a level 5 spell: Fireball
 14293 | D:9      | Noticed Maggie
 14300 | D:9      | Killed Maggie
 14533 | Lair:1   | Entered Level 1 of the Lair of Beasts
 14637 | Lair:1   | Reached skill level 1 in Fire Magic
 15353 | Lair:1   | Reached skill level 1 in Armour
 15651 | Lair:2   | Noticed Fannar
 15663 | Lair:2   | Killed Fannar
 15901 | Lair:2   | Found a staircase to the Swamp.
 15953 | Lair:2   | Reached skill level 1 in Evocations
 16417 | Lair:2   | Got the Folio of Frore Transportation
 16437 | Lair:2   | Reached XP level 12. HP: 67/67 MP: 19/27
 16465 | Lair:2   | Noticed a five-headed hydra
 16478 | Lair:2   | Reached ***** piety under Vehumet
 16483 | Lair:2   | Killed a five-headed hydra
 16670 | Lair:2   | Offered knowledge of Freezing Cloud by Vehumet.
 16684 | Lair:2   | Learned a level 5 spell: Freezing Cloud
 16731 | Lair:2   | Found a hole to the Spider Nest.
 17177 | Lair:3   | Noticed a seven-headed hydra
 17185 | Lair:3   | Killed a seven-headed hydra
 17417 | Lair:3   | Reached skill level 5 in Fire Magic
 17523 | Lair:3   | Noticed a five-headed hydra
 17534 | Lair:3   | HP: 1/68 [five-headed hydra (3)]
 17545 | Lair:3   | Killed a five-headed hydra
 17546 | Lair:3   | Reached skill level 10 in Spellcasting
 17707 | Lair:3   | Reached skill level 5 in Fighting
 17797 | Lair:3   | Reached skill level 1 in Short Blades
 17974 | Lair:3   | Reached skill level 1 in Ice Magic
 17990 | Lair:3   | Reached skill level 12 in Conjurations
 17990 | Lair:3   | Reached skill level 1 in Air Magic
 18841 | Lair:4   | Noticed a death yak
 18841 | Lair:4   | Noticed a death yak
 18841 | Lair:4   | Noticed a death yak
 18841 | Lair:4   | Noticed a death yak
 18841 | Lair:4   | Noticed a death yak
 18863 | Lair:4   | Noticed an eight-headed hydra
 18867 | Lair:4   | Noticed a death yak
 18869 | Lair:4   | Noticed a death yak
 18986 | Lair:4   | Noticed a death yak
 18986 | Lair:4   | Noticed a death yak
 18986 | Lair:4   | Noticed a death yak
 18986 | Lair:4   | Noticed a death yak
 18986 | Lair:4   | Noticed a death yak
 18986 | Lair:4   | Noticed a death yak
 18992 | Lair:4   | Killed a death yak
 18993 | Lair:4   | Killed a death yak
 18995 | Lair:4   | Killed a death yak
 18996 | Lair:4   | Killed a death yak
 18997 | Lair:4   | Killed a death yak
 18998 | Lair:4   | Reached XP level 13. HP: 40/73 MP: 12/29
 19745 | Lair:4   | Found a staircase to the Slime Pits.
 19798 | Lair:4   | Offered knowledge of Ozocubu's Refrigeration by Vehumet.
 20515 | Lair:4   | Mangled by a death yak

Illustrated notes

Levels and vault maps discovered:
D:1:      kilobyte_arrival_exit_the_forest, layout_loops_ring, st_stairs_3,
          chequers_serial_rivers_micro_b
D:2:      mumra_celtic_spiral_tile, layout_basic, serial_shops, shop,
          nicolae_shop_back_alley_shop, nicolae_shop_trees, shop,
          serial_park_tiny_pond
D:3:      layout_basic
D:4:      layout_loops_ring, minmay_temple_entry_butterflies, enter_ossuary_2,
          uniq_crazy_yiuf_cottage
D:5:      layout_basic, mainiacjoe_overflow_catwalk, mainiacjoe_overflow_paths,
          serial_rivers, chequers_serial_rivers_small_b,
          chequers_serial_rivers_large_a, chequers_serial_rivers_marsh,
          chequers_serial_rivers_large_b, chequers_serial_rivers_room_b,
          chequers_serial_rivers_micro_a, chequers_serial_rivers_micro_b
D:6:      layout_rooms, uniq_eustachio
D:7:      lemuel_ratsnest, layout_basic
D:8:      layout_basic, uniq_joseph
D:9:      layout_irregular_city, erik_lair_dragon,
          kennysheep_orc_monster_closet_entryway, serial_shops,
          nicolae_shop_trees, ebering_ghost_disaster_area, skrybe_limestone_x,
          lightli_corner_chamber, uniq_maggie, uniq_harold, uniq_erolcha
Temple:   hc_temple_tempest_star
Lair:1:   layout_regular_city, grunt_megastairs_1
Lair:2:   layout_gridlike, swamp_mist, nicolae_spider_entry_non_spiders,
          uniq_fannar
Lair:3:   layout_cave_pods, infiniplex_staircase_pool_2
Lair:4:   layout_cave_shapes, nicolae_slime_entry_field_trip, grunt_megastairs_2

Skill      XL: |  1  2  3  4  5  6  7  8  9 10 11 12 13 |
---------------+----------------------------------------+-----
Conjurations   | 5 6 7 8 9 10 11 12 | 12.8
Spellcasting   | 4 5 6 7 8 9 10 | 10.9
Hexes          | 1 2 3 4 5 6 7 8 |  8.3
Translocations | 2 4 5 7 8 |  8.6
Fighting       | 2 3 4 5 |  5.8
Dodging        | 4 5 6 7 8 |  8.8
Stealth        | 4 5 6 8 |  8.6
Shields        | 1 3 4 |  4.4
Fire Magic     | 4 6 |  6.5
Armour         | 1 3 |  3.8
Evocations     | 1 3 4 |  4.5
Short Blades   | 2 3 |  3.3
Ice Magic      | 1 |  1.4
Air Magic      | 2 3 |  3.2

Action                     |  1- 3 |  4- 6 |  7- 9 | 10-12 | 13-15 || total
---------------------------+-------+-------+-------+-------+-------++-------
  Melee: Dagger            |    12 |    11 |    17 |    66 |    37 ||   143
   Cast: Magic Dart        |    24 |     8 |    11 |       |     2 ||    45
         Searing Ray       |    23 |    37 |    55 |    42 |    12 ||   169
         Dazzling Flash    |     1 |       |       |       |       ||     1
         Fulminant Prism   |       |    12 |    26 |    35 |     4 ||    77
         Mephitic Cloud    |       |       |     6 |    24 |     4 ||    34
         Iskenderun's Myst |       |       |     5 |    48 |    22 ||    75
         Ignite Poison     |       |       |     4 |    22 |     6 ||    32
         Fireball          |       |       |       |    13 |    12 ||    25
         Freezing Cloud    |       |       |       |     2 |     2 ||     4
  Evoke: Wand              |       |       |       |     7 |     6 ||    13
    Use: Scroll            |     8 |     8 |     8 |     9 |     2 ||    35
         Potion            |       |       |     1 |       |     1 ||     2
   Stab: Invisible         |     1 |       |       |       |       ||     1
         Confused          |       |       |       |     2 |       ||     2
 Armour: Robe              |     5 |     8 |    12 |     4 |       ||    29
         Acid dragon scale |       |       |       |    24 |    35 ||    59
  Dodge: Dodged            |    15 |    27 |    39 |    94 |    63 ||   238
  Block: Buckler           |       |       |       |    31 |    20 ||    51
